 Dungeon Crawl Stone Soup version 0.19.1-1-g22dce08 (webtiles) character file.

434 CougarLife the Spear-Bearer (level 6, -8/52 HPs)
             Began as a Minotaur Berserker on Dec 28, 2016.
             Was a Believer of Trog.
             Killed by divine providence
             ... invoked by an orc priest
              (14 damage)
             ... on level 3 of the Dungeon.
             The game lasted 00:26:51 (3047 turns).

CougarLife the Spear-Bearer (Minotaur Berserker)    Turns: 3047, Time: 00:26:52

Health: -8/52      AC:  6    Str: 23    XL:     6   Next: 68%
Magic:  5/5        EV: 11    Int:  4    God:    Trog [**....]
Gold:   228        SH:  0    Dex: 10    Spells: 0 memorised, 5 levels left

rFire  + . .     SeeInvis .     s - +0 quarterstaff
rCold  + . .     Gourm    .     i - +0 ring mail
rNeg   . . .     Faith    .     (shield currently unavailable)
rPois  .         Spirit   .     (helmet restricted)
rElec  .         Reflect  .     (no cloak)
rCorr  .         Harm     .     g - +0 pair of gloves
MR     .....                    (no boots)
Stlth  ..........               (no amulet)
                                l - ring of protection from fire
                                j - ring of protection from cold

@: exhausted
A: retaliatory headbutt, horns 2
a: Berserk, Trog's Hand, Burn Spellbooks, Renounce Religion


You were on level 3 of the Dungeon.
You worshipped Trog.
Trog was pleased with you.
You were hungry.

You visited 1 branch of the dungeon, and saw 3 of its levels.

You collected 228 gold pieces.

Inventory:

Hand Weapons
 a - a +0 spear
 s - a +0 quarterstaff (weapon)
Missiles
 h - 64 stones (quivered)
Armour
 g - a +0 pair of gloves (worn)
 i - a +0 ring mail (worn)
Jewellery
 j - a ring of protection from cold (left hand)
 l - a ring of protection from fire (right hand)
Wands
 p - a wand of iceblast (7/15)
Scrolls
 d - 2 scrolls of amnesia {unknown}
 e - 3 scrolls of random uselessness {unknown}
 k - 3 scrolls of identify {unknown}
 m - a scroll of remove curse {unknown}
 r - a scroll of fog {unknown}
Potions
 b - a potion of curing {unknown}
 f - 2 potions of flight {unknown}
 o - a potion of resistance {unknown}
 q - 2 potions of might {unknown}
 t - a potion of lignification {unknown}
Comestibles
 c - 2 bread rations
 n - a meat ration
 u - 5 chunks of flesh


   Skills:
 - Level 4.0 Fighting
 + Level 9.0 Polearms
 - Level 2.4 Armour
 - Level 2.3 Dodging


You had 5 spell levels left.
You didn't know any spells.

Dungeon Overview and Level Annotations

Branches:
Dungeon (3/15)

Altars:
Makhleb


Innate Abilities, Weirdness & Mutations

You reflexively headbutt those who attack you in melee.
You have a pair of horns on your head.


Message History

A magic dart appears from out of thin air!
The magic dart hits you!
The orc priest invokes the aid of Beogh against you. x2
Beogh smites you!
* * * LOW HITPOINT WARNING * * *
You feel yourself speed up.
Zapping:
p - a wand of iceblast {zapped: 2} (will waste charges)
Press: ? - help, Shift-Dir - straight line, f - orc priest
Aim: an orc priest, wielding a club The mass of ice explodes!
The iceblast engulfs something.
The iceblast engulfs you! You partially resist.
* * * LOW HITPOINT WARNING * * *
Evoking this partially-identified wand wasted a few charges.
You hear some strange, mumbled words.
A magic dart appears from out of thin air!
The magic dart hits you!
* * * LOW HITPOINT WARNING * * *
The orc priest invokes the aid of Beogh against you.
Beogh smites you!
You die...

... #.# #.###.##
#'# #.# #.#
#.##.... #.# #.#
#.# #.##..## #.#
#.# #.###.##..#
##o## #.#
#.........##
##...## #.#
#####.......
#..o..# #.#
####.##. ##...##
#.# #.##.
##)###########@#
#....
####.###...oo....#
#####
.........#########
####.##### #.†..#
#.##.# #.####
#....## ......##


You could see an orc priest and an orc.

Vanquished Creatures
  Grinder (D:3)
  A hound (D:2)
  Jessica (D:3)
  Natasha (thrice) (D:3)
  3 adders
  A worm (D:3)
  A dart slug (D:2)
  3 leopard geckos
  An orc (D:3)
  2 ball pythons
  6 bats
  10 giant cockroaches
  6 goblins
  4 hobgoblins
  5 jackals
  9 kobolds
  A quokka (D:2)
  5 frilled lizards
  5 rats
68 creatures vanquished.

Notes
Turn   | Place    | Note
-------+----------+-------------------------------------------
     0 | D:1      | CougarLife the Minotaur Berserker began the quest for the Orb.
     0 | D:1      | Reached XP level 1. HP: 19/19 MP: 0/0
   622 | D:1      | Reached XP level 2. HP: 27/27 MP: 1/1
   756 | D:1      | Reached skill level 4 in Polearms
  1193 | D:2      | Reached XP level 3. HP: 29/33 MP: 2/2
  1411 | D:2      | Found a burning altar of Makhleb.
  1417 | D:2      | Reached skill level 5 in Polearms
  1499 | D:2      | Reached XP level 4. HP: 37/40 MP: 3/3
  1504 | D:2      | Reached ** piety under Trog
  2177 | D:3      | Noticed Natasha
  2192 | D:3      | Killed Natasha
  2192 | D:3      | Reached skill level 6 in Polearms
  2208 | D:3      | Noticed Natasha
  2220 | D:3      | Killed Natasha
  2349 | D:3      | Reached XP level 5. HP: 40/46 MP: 4/4
  2551 | D:3      | Noticed Natasha
  2557 | D:3      | Killed Natasha
  2557 | D:3      | Reached skill level 7 in Polearms
  3014 | D:3      | Noticed Jessica
  3014 | D:3      | Noticed Grinder
  3015 | D:3      | Killed Jessica
  3018 | D:3      | Paralysed by Grinder for 4 turns
  3024 | D:3      | Killed Grinder
  3024 | D:3      | Reached skill level 8 in Polearms
  3024 | D:3      | Reached XP level 6. HP: 46/52 MP: 5/5
  3031 | D:3      | Reached skill level 9 in Polearms
  3047 | D:3      | Killed from afar by an orc priest

Skill      XL: |  1  2  3  4  5  6 |
---------------+-------------------+-----
Fighting       | 4 |  4.0
Polearms       | 4 5 6 8 9 |  9.0
Armour         | |  2.4
Dodging        | |  2.3

Action                   |  1- 3 |  4- 6 || total
-------------------------+-------+-------++-------
Melee: Spear             |    82 |    68 ||   150
       Headbutt          |     8 |    16 ||    24
       Quarterstaff      |       |    30 ||    30
Throw: Stone             |    40 |    42 ||    82
Invok: Berserk           |       |     3 ||     3
Evoke: Wand              |       |     2 ||     2
  Eat: Chunk             |     2 |     7 ||     9
Armor: Animal skin       |     1 |       ||     1
       Ring mail         |    16 |    25 ||    41
Dodge: Dodged            |    32 |    34 ||    66
